 Dungeon Crawl Stone Soup version 0.23.2-1-ga50397a (webtiles) character file.

Game seed: 537129378438457426

9062 Fang the Fighter (level 11, -5/72 HPs)
             Began as a Gargoyle Berserker on May 29, 2019.
             Was a High Priest of Trog.
             Hit by a large rock thrown by a cyclops (18 damage)
             ... on level 11 of the Dungeon.
             The game lasted 00:10:53 (8308 turns).

Fang the Fighter (Gargoyle Berserker)               Turns: 8308, Time: 00:10:54

Health: -5/72      AC: 26    Str: 24    XL:     11   Next: 40%
Magic:  11/11      EV: 11    Int: 11    God:    Trog [*****.]
Gold:   652        SH:  0    Dex:  9    Spells: 10/10 levels left

rFire    + . .     SeeInvis +   v - +4 war axe (chop)
rCold    . . .     Gourm    .   (no shield)
rNeg     + . .     Faith    .   b - +0 chain mail
rPois    ∞         Spirit   .   d - +2 helmet {Int+3}
rElec    +         Reflect  .   (no cloak)
rCorr    .         Harm     .   (no gloves)
MR       .....                  A - +2 pair of boots
Stlth    ..........             (no amulet)
HPRegen  0.22/turn              B - ring of protection from fire
MPRegen  0.12/turn              C - ring of see invisible

@: no status effects
A: negative energy resistance 1, electricity resistance, unbreathing,
petrification resistance, rot immunity, AC +8
a: Berserk, Trog's Hand, Brothers in Arms, Renounce Religion


You were on level 11 of the Dungeon.
You worshipped Trog.
Trog was extremely pleased with you.
You were not hungry.

You visited 2 branches of the dungeon, and saw 12 of its levels.
You also visited: Ossuary.

You collected 652 gold pieces.

Inventory:

Hand Weapons
 a - a +1 war axe
 v - a +4 war axe of chopping (weapon)
Armour
 b - a +0 chain mail (worn)
 d - a +2 helmet of intelligence (worn)
 A - a +2 pair of boots (worn)
Jewellery
 n - a +6 ring of dexterity
 B - a ring of protection from fire (left hand)
 C - a ring of see invisible (right hand)
Wands
 p - a wand of acid (7)
 q - a wand of random effects (14)
 w - a wand of polymorph (6)
 y - a wand of paralysis (11)
Scrolls
 g - a scroll of identify
 h - 3 scrolls of enchant armour
 k - 3 scrolls of remove curse
 l - 3 scrolls of teleportation
 o - a scroll of fog
 s - a scroll of summoning {unknown}
 t - 6 scrolls of magic mapping
 E - a scroll of fear
Potions
 e - 2 potions of cancellation
 f - 2 potions of might
 i - 7 potions of curing
 j - 3 potions of heal wounds
 m - 7 potions of flight
 r - a potion of haste
 u - a potion of ambrosia
 x - a potion of resistance
 z - 2 potions of agility
Comestibles
 c - 8 rations
 D - 21 chunks of flesh


   Skills:
 + Level 10.1 Fighting
 + Level 8.6 Axes
 + Level 9.8 Armour
 + Level 7.6 Dodging


You had 10 spell levels left.
You didn't know any spells.
Your spell library was empty.

Dungeon Overview and Level Annotations

Branches:
Dungeon (11/15)            Temple (1/1) D:5            Lair (0/6) D:8
    Orc: D:9-12

Altars:
Ashenzari
Gozag
Hepliaklqana
Okawaru
Sif Muna
Yredelemnul
Zin


Innate Abilities, Weirdness & Mutations

You are resistant to torment.
Your stone body is resilient. (AC +8)
You are immune to poison.
You resist negative energy. (rN+)
You are resistant to electric shocks. (rElec)
You can survive without breathing.
You are immune to petrification.
You are immune to rotting.


Message History

You slash the vampire mosquito!
The vampire mosquito is almost destroyed.
You slash the centaur warrior!
You kill the centaur warrior!
Trog accepts your kill.
The vampire mosquito bites you but does no damage. x2
You slice the vampire mosquito!!
You destroy the vampire mosquito!
Trog accepts your kill.
A cyclops comes into view.
You see here a vampire mosquito corpse.
The cyclops shouts!
You hear a shout!
An orc wizard comes into view. It is wielding a +0 dagger.
The cyclops throws a large rock.
The large rock hits you!!
* * * LOW HITPOINT WARNING * * *
Things that are here:
a large rock; a bullfrog corpse You butcher the bullfrog corpse.
The cyclops throws a large rock.
The large rock hits you!!
You die...

.......#..........##
.......####)÷.......
....... #.#..#####
....... ###)#..#
....... #...#.##
.......##(##..#
##...(...##
#.!.)†...#
#.....@.## ##.#....#
.......## #.......#
#......#C ###....#..
#..o##.. #... ..#


You could see a cyclops and an orc wizard.

Vanquished Creatures
  Harold (D:8)
  A centaur warrior (D:11)
  Nergalle (D:11)
  2 unseen horrors
  2 trolls
  A hornet (D:8)
  A hippogriff (D:10)
  4 wyverns
  A vampire mosquito (D:11)
  A hungry ghost (D:11)
  An acid dragon (D:11)
  2 ice beasts
  2 sky beasts
  6 ogres
  3 phantoms
  6 centaurs
  2 elf zombies (Ossuary)
  A big kobold (D:10)
  6 bullfrogs
  A wyvern skeleton (D:9)
  2 scorpions
  8 killer bees
  A howler monkey (D:11)
  4 crimson imps
  A jelly (D:5)
  2 bullfrog zombies
  A centaur zombie (D:8)
  2 quasits
  A human zombie (Ossuary)
  6 hounds
  4 orc priests
  3 centaur skeletons
  8 orc wizards
  An iguana (D:5)
  4 bullfrog skeletons
  9 worker ants
  Terence (D:2)
  A big kobold zombie (Ossuary)
  2 mummies (Ossuary)
  A gnoll (D:1)
  9 adders
  3 shadow imps
  An adder zombie (Ossuary)
  An adder skeleton (D:8)
  3 worms
  4 dart slugs
  9 leopard geckos
  31 orcs
  9 giant cockroaches
  7 goblins
  5 hobgoblins
  13 jackals
  9 kobolds
  5 quokkas
  A ball python (D:5)
  3 bats
  6 frilled lizards
  A giant cockroach zombie (D:5)
  A goblin zombie (Ossuary)
  15 hobgoblin zombies (Ossuary)
  A jackal skeleton (D:8)
  3 jackal zombies (Ossuary)
  9 kobold zombies (Ossuary)
  2 leopard gecko skeletons
  4 orc zombies (Ossuary)
  9 rats
271 creatures vanquished.

Vanquished Creatures (others)
  A leopard gecko (D:1)
1 creature vanquished.

Grand Total: 272 creatures vanquished

Notes
Turn   | Place    | Note
-------+----------+-------------------------------------------
     0 | D:1      | Fang the Gargoyle Berserker began the quest for the Orb.
     0 | D:1      | Reached XP level 1. HP: 14/14 MP: 1/1
    97 | D:1      | Reached XP level 2. HP: 16/19 MP: 2/2
   233 | D:1      | Reached XP level 3. HP: 11/23 MP: 3/3
   233 | D:1      | Reached ** piety under Trog
   806 | D:2      | Reached XP level 4. HP: 21/29 MP: 4/4
   831 | D:2      | Noticed Terence
   846 | D:2      | Killed Terence
   846 | D:2      | Reached skill level 4 in Fighting
  1592 | D:3      | Reached XP level 5. HP: 31/33 MP: 5/5
  2099 | D:3      | Found a faded altar of an unknown god.
  2160 | D:4      | Reached *** piety under Trog
  2202 | D:4      | Noticed a phantom
  2212 | D:4      | Reached XP level 6. HP: 39/39 MP: 6/6
  2229 | D:4      | Killed a phantom
  2436 | D:4      | Reached skill level 5 in Fighting
  2436 | D:4      | Reached XP level 7. HP: 40/44 MP: 7/7
  2674 | D:4      | Found the -2 hat of the Alchemist {rElec rPois rF+ rC+ rN+
                  | MR+ rMut rCorr}
  2965 | D:5      | Entered Level 5 of the Dungeon
  3021 | D:5      | Reached skill level 5 in Armour
  3123 | D:5      | Reached **** piety under Trog
  3139 | D:5      | Reached XP level 8. HP: 31/51 MP: 8/8
  3331 | D:5      | Reached skill level 5 in Axes
  3332 | D:5      | Reached skill level 6 in Fighting
  3450 | D:5      | Found a staircase to the Ecumenical Temple.
  3490 | Temple   | Entered the Ecumenical Temple
  4186 | D:6      | You fall through a shaft for 3 floors!
  4298 | D:9      | Found a shattered altar of Ashenzari.
  4320 | D:8      | Found a staircase to the Lair.
  4335 | D:7      | Reached XP level 9. HP: 44/56 MP: 9/9
  4351 | D:7      | Reached skill level 7 in Fighting
  4465 | D:6      | Reached skill level 5 in Dodging
  4541 | D:6      | Found a sand-covered staircase.
  4546 | Ossuary  | Entered an ossuary
  4685 | Ossuary  | Reached ***** piety under Trog
  4910 | D:6      | Found a deep blue altar of Sif Muna.
  4974 | D:6      | Found a hazy altar of Hepliaklqana.
  5944 | D:8      | Noticed a hornet
  5965 | D:8      | Killed a hornet
  6042 | D:8      | Found a glowing silver altar of Zin.
  6213 | D:8      | Noticed Harold
  6228 | D:8      | Killed Harold
  6228 | D:8      | Reached skill level 8 in Fighting
  6228 | D:8      | Reached XP level 10. HP: 65/65 MP: 10/10
  6448 | D:9      | Found a basalt altar of Yredelemnul.
  6615 | D:9      | Killed an unseen horror
  6836 | D:9      | Found an iron altar of Okawaru.
  6847 | D:9      | Found an opulent altar of Gozag.
  6893 | D:9      | Reached skill level 9 in Fighting
  6951 | D:10     | Entered Level 10 of the Dungeon
  6992 | D:10     | Killed an unseen horror
  7240 | D:10     | Received a gift from Trog
  7512 | D:10     | Reached XP level 11. HP: 71/71 MP: 11/11
  8006 | D:11     | Noticed Nergalle
  8199 | D:11     | Killed Nergalle
  8284 | D:11     | Noticed a centaur warrior
  8297 | D:11     | Reached skill level 10 in Fighting
  8303 | D:11     | Killed a centaur warrior
  8305 | D:11     | Noticed a cyclops
  8308 | D:11     | Hit by a large rock thrown by a cyclops

Skill      XL: |  1  2  3  4  5  6  7  8  9 10 11 |
---------------+----------------------------------+-----
Axes           | 3 4 5 7 8 |  8.6
Dodging        | 2 3 4 6 7 |  7.6
Armour         | 3 4 5 6 8 9 |  9.8
Fighting       | 4 5 6 8 9 10 | 10.1

Action                   |  1- 3 |  4- 6 |  7- 9 | 10-12 || total
-------------------------+-------+-------+-------+-------++-------
Melee: Hand axe          |    98 |    93 |       |       ||   191
       War axe           |       |    64 |   392 |   215 ||   671
Invok: Berserk           |     1 |       |     2 |     1 ||     4
  Use: Scroll            |       |       |    24 |     4 ||    28
  Eat: Chunk             |       |     6 |    14 |     5 ||    25
       Ration            |       |       |       |     2 ||     2
Armor: Animal skin       |    44 |     1 |       |       ||    45
       Chain mail        |       |    89 |   332 |   259 ||   680
Dodge: Dodged            |    94 |    62 |   228 |   196 ||   580
